Match 37950559
Unlisted

Match 37950559
End
Construct Infanterie Kompanie
Pioneer Squad
MG 42 Machine Gun Team
Grenadier Squad
Grenadier Squad
Construct Luftwaffe Kompanie
Jäger Squad
Medical Bunker
Flak 30 Anti-aircraft Gun Team
Support Elements
Wirbelwind Flakpanzer
Jäger Squad
Selects Mechanized Battlegroup
Selects Mobile Repair Stations
Selects Spotting Scopes
Selects Wespe Self-propelled Artillery
Wespe Self-propelled Artillery
Luftwaffe Officer Quarters
221 Scout Car
Medical Bunker
Jäger Squad
Selects Raid Package
Selects 8 Rad Armored Car
Selects Raid Package
Selects StuG Assault Group
Selects Panther Heavy Tank
엉덩이
✠-Ober-✠
Ocelot
Loki
Honey
khj
Zebra
2629594375
0
0

Comments sign in to comment!

No comments posted yet!